 Dungeon Crawl Stone Soup version 0.28-b1-25-g9875b3fc8c (webtiles) character file.

Game seed: 7416605112284516694

245 tizbic2 the Sneak (level 5, -2/39 HPs)
             Began as a Demonspawn Brigand on Feb 2, 2022.
             Was a Follower of Qazlal.
             Slain by Pikel (4 damage)
             ... on level 6 of the Dungeon.
             The game lasted 00:23:14 (3739 turns).

tizbic2 the Sneak (Demonspawn Brigand)              Turns: 3739, Time: 00:23:15

Health: -2/39      AC:  8    Str: 14    XL:     5   Next: 84%
Magic:  6/6        EV: 11    Int: 16    God:    Qazlal [*.....]
Gold:   79         SH:  6    Dex: 14    Spells: 5/5 levels left

rFire   . . .      SeeInvis .   f - staff of conjuration
rCold   . . .      Faith    .   (no shield)
rNeg    . . .      Spirit   .   h - +0 ring mail
rPois   .          Reflect  .   (no helmet)
rElec   .          Harm     .   c - +1 cloak
rCorr   .          Rampage  .   g - +0 pair of gloves
Will    .....                   (no boots)
Stlth   ++........              (no amulet)
HPRegen 0.13/turn               (no ring)
MPRegen 0.10/turn               (no ring)

@: brilliant
A: big brain 2, condensation shield
a: Renounce Religion


You were on level 6 of the Dungeon.
You worshipped Qazlal.
Qazlal was aware of your devotion.
You visited 1 branch of the dungeon, and saw 6 of its levels.

You collected 79 gold pieces.

Inventory:

Hand Weapons
 a - a +2 dagger
Missiles
 d - 12 poisoned darts (quivered)
 e - 2 curare-tipped darts
Armour
 c - a +1 cloak (worn)
 g - a +0 pair of gloves (worn)
 h - a +0 ring mail (worn)
Magical Staves
 f - a staff of conjuration (weapon)
Scrolls
 k - a scroll of vulnerability {unknown}
 q - a scroll of summoning {unknown}
Potions
 b - a potion of brilliance
 l - a potion of mutation {unknown}
 p - a potion of magic {unknown}
 r - a potion of flight {unknown}
 s - a potion of cancellation {unknown}


   Skills:
 - Level 2.4 Fighting
 - Level 1.7(1.9) Short Blades
 - Level 0.8(1.4) Long Blades
 + Level 1.2 Staves
 - Level 1.8 Throwing
 + Level 2.6 Dodging
 - Level 3.6 Stealth
 + Level 1.4 Shields
 - Level 1.6 Unarmed Combat
 - Level 0.5 Spellcasting
 + Level 1.4 Conjurations
 + Level 1.6 Invocations
 + Level 1.4 Evocations


You had 5 spell levels left.
You didn't know any spells.
Your spell library was empty.

Dungeon Overview and Level Annotations

Branches:
Dungeon (6/15)
 Temple: D:4-7

Altars:
Qazlal

Shops:
D:4 *

Annotations:
D:6 Pikel


Innate Abilities, Weirdness & Mutations

You have an extremely huge brain. (Int +4)
A meltable shield of frost defends you. (SH +4)


Message History

A lemure comes into view.
You block the ufetubus's attack.
The ufetubus hits you but does no damage.
A lemure comes into view.
The lemure shouts!
Pikel, Merchant of Souls comes into view.
He is wielding a +0 whip of electrocution.
You block the ufetubus's attack. The ufetubus closely misses you.
A lemure comes into view.
The lemure hits you.
* * * LOW HITPOINT WARNING * * *
You block the ufetubus's attack. The ufetubus hits you.
* * * LOW HITPOINT WARNING * * *
The ufetubus closely misses you.
The ufetubus hits you but does no damage.
The ufetubus closely misses you. You block the ufetubus's attack.
You hear a shout! x3
A lemure comes into view.
The lemure shouts!
The ufetubus barely misses you. The ufetubus hits you.
* * * LOW HITPOINT WARNING * * *
As you read the scroll labelled BOUKKA WUAM, it crumbles to dust.
It is a scroll of enchant armour.
Your +0 cloak glows green for a moment.
Pikel says, "You'll feel the lick of my whip!"
Pikel hits you with a +0 whip of electrocution.
* * * LOW HITPOINT WARNING * * *
The ufetubus misses you. You block the ufetubus's attack.
Press: ? - help, v - describe, . - travel
Here: an iguana (moderately wounded)
The floor.
This is a scroll of acquirement!
Something appears at your feet! You block the ufetubus's attack.
The ufetubus closely misses you.
Pikel says, "You'll make a fine lemure."
Pikel hits you but does no damage. You block the ufetubus's attack.
The ufetubus barely misses you.
It was a potion of brilliance.
You feel clever all of a sudden.
Pikel hits you with a +0 whip of electrocution.
You die...

#.# #.##
#..#
##.##.#.##
#..#
#....###.#
#.#.
#..##.#.#
#.5###5#
#..# #5#
#.K# #l#
#..# #5#
5... #@#
#.. #K#
.5. .....
.#.####
###. ##


You could see Pikel, 3 lemures, an iguana and an ufetubus.

Vanquished Creatures
  A necrophage (D:4)
  A bullfrog skeleton (D:4)
  7 adders
  A worm (D:2)
  A dart slug (D:2)
  4 bats
  5 endoplasms
  2 giant cockroaches
  8 goblins (D:1)
  4 hobgoblins
  4 jackals (D:1)
  2 quokkas (D:4)
  6 ball pythons
  2 frilled lizards
  10 kobolds
  3 rats
61 creatures vanquished.

Notes
Turn   | Place    | Note
-------+----------+-------------------------------------------
     0 | D:1      | tizbic2 the Demonspawn Brigand began the quest for the Orb.
     0 | D:1      | Reached XP level 1. HP: 16/16 MP: 1/1
    40 | D:1      | Reached skill level 1 in Dodging
   172 | D:1      | Gained mutation: You have an unusually large brain. (Int
                  | +2) [demonic ancestry]
   172 | D:1      | Reached XP level 2. HP: 22/22 MP: 2/2
   332 | D:1      | Reached skill level 1 in Unarmed Combat
   900 | D:1      | Gained mutation: A meltable shield of frost defends you.
                  | (SH +4) [demonic ancestry]
   900 | D:1      | Reached XP level 3. HP: 27/27 MP: 3/3
  1490 | D:2      | Found a faded altar of an unknown god.
  1498 | D:2      | Prayed at the altar of an unknown god.
  1498 | D:2      | Became a worshipper of Qazlal Stormbringer
  1498 | D:2      | Reached * piety under Qazlal
  2466 | D:2      | Reached XP level 4. HP: 31/34 MP: 4/4
  3102 | D:3      | Reached ** piety under Qazlal
  3312 | D:3      | Reached skill level 1 in Shields
  3384 | D:4      | Reached skill level 1 in Conjurations
  3384 | D:4      | Reached skill level 1 in Evocations
  3384 | D:4      | Gained mutation: You have an extremely huge brain. (Int +4)
                  | [demonic ancestry]
  3384 | D:4      | Reached XP level 5. HP: 28/39 MP: 5/5
  3395 | D:4      | Found Itirof's Assorted Antiques.
  3467 | D:4      | Noticed a necrophage
  3510 | D:4      | Killed a necrophage
  3511 | D:4      | Reached skill level 1 in Staves
  3511 | D:4      | Reached skill level 1 in Invocations
  3673 | D:4      | Noticed an ice beast
  3702 | D:5      | Entered Level 5 of the Dungeon
  3726 | D:6      | Noticed a lemure
  3727 | D:6      | Noticed a lemure
  3728 | D:6      | Noticed Pikel
  3729 | D:6      | Noticed a lemure
  3736 | D:6      | Noticed a lemure
  3738 | D:6      | Identified a scroll of acquirement
  3738 | D:6      | Acquired the ring of Xufa {rPois Dex+4}
  3739 | D:6      | Slain by Pikel

Illustrated notes

Levels and vault maps discovered:
D:1:      minmay_arrival_wavy_path, layout_basic
D:2:      layout_basic, basic_ecumenical_altar
D:3:      layout_loops_cross
D:4:      layout_basic, portal_sewer_entry_c, serial_shops, shop
D:5:      layout_rooms, amethyst_overflow_temple_binary, uniq_duvessa
D:6:      minmay_razor_zed, layout_loops_ring, minmay_temple_entry_waves,
          uniq_pikel

Skill      XL: |  1  2  3  4  5 |
---------------+----------------+-----
Dodging        | 1 2 |  2.6
Unarmed Combat | 1 |  1.6
Shields        | 1 |  1.4
Conjurations   | 1 |  1.4
Evocations     | 1 |  1.4
Staves         | 1 |  1.2
Invocations    | 1 |  1.6
Fighting       | |  2.4
Short Blades   | |  1.7
Long Blades    | |  0.8
Throwing       | |  1.8
Stealth        | |  3.6
Spellcasting   | |  0.5

Action                   |  1- 3 |  4- 6 || total
-------------------------+-------+-------++-------
Melee: Dagger            |    76 |       ||    76
       Staff             |    22 |   131 ||   153
       Punch             |       |     3 ||     3
Throw: Dart              |    35 |    27 ||    62
Invok: Upheaval          |       |     2 ||     2
  Use: Scroll            |     2 |     5 ||     7
       Potion            |       |     4 ||     4
 Stab: Sleeping          |     2 |       ||     2
Armor: Robe              |    11 |       ||    11
       Ring mail         |    11 |    67 ||    78
Dodge: Dodged            |    43 |    81 ||   124
Block: Other             |     7 |    64 ||    71
